Map: Triton LE

Players

Dolan - Winner!

  • Race: Terran Terran
  • League: Grandmaster
  • Spawn Location: 11:00

Schmeet

  • Race: Zerg Zerg
  • League: Master
  • Spawn Location: 5:00

Event: Cheeseadelphia XI, Cheeseadelphia XI

VOD

Have the link to the VOD?

Description

Time

  • Played on: Dec. 14, 2019, 1:12 p.m.
  • Length: 10:44

All games in this series

Show
View Real Time Build Order
Export as new Build Order

Dolan Terran - Winner!

Build Orders: Liberator Opening, Reaper Expand 

Get SALT Encoding   

  12  0:00  SCV  
  13  0:12  SCV  
  14  0:17  Supply Depot  
  14  0:24  SCV  
  15  0:39  SCV  
  15  0:40  Barracks  
  16  0:42  Refinery  
  16  0:51  SCV  
  17  1:03  SCV  
  18  1:15  SCV  
  19  1:27  Orbital Command, Reaper  
  20  1:40  Command Center  
  20  1:49  Supply Depot  
  20  1:52  SCV  
  21  1:59  Marine  
  22  2:04  SCV  
  22  2:08  Factory  
  23  2:12  Refinery  
  23  2:16  SCV  
  23  2:21  Barracks Reactor  
  24  2:28  SCV  
  25  2:41  SCV  
  26  2:52  Orbital Command  
  26  2:53  SCV, Starport  
  27  3:00  Hellion x2  
  27  3:05  SCV  
  32  3:08  Barracks Tech Lab  
  32  3:15  Liberator  
  32  3:16  Supply Depot  
  32  3:17  SCV  
  32  3:18  SCV  
  34  3:23  Hellion x2  
  38  3:29  SCV  
  38  3:30  SCV  
  43  3:38  Supply Depot  
  43  3:41  SCV  
  43  3:42  SCV  
  45  3:49  Hellion x2  
  45  3:53  SCV  
  45  3:54  SCV  
  51  4:05  Command Center  
  51  4:07  Barracks Tech Lab  
  52  4:10  SCV x2  
  53  4:19  Bunker  
  52  4:27  Siege Tank  
  52  4:28  Barracks  
  52  4:30  Barracks  
  55  4:34  SCV x2  
  55  4:35  Supply Depot  
  55  4:36  Starport Reactor  
  57  4:46  SCV x2  
  59  4:53  Engineering Bay  
  59  4:55  Stimpack, Engineering Bay  
  59  4:57  Marine  
  60  5:02  Siege Tank  
  60  5:05  SCV x2  
  65  5:09  Refinery  
  65  5:10  Refinery  
  59  5:17  SCV x2  
  57  5:23  Orbital Command  
  57  5:28  Terran Infantry Weapons Level 1, Terran Infantry Armor Level 1  
  52  5:29  SCV x2  
  52  5:31  Starport Reactor  
  52  5:32  Marine  
  52  5:33  Marine x4  
  59  5:41  SCV x2  
  61  5:43  Supply Depot  
  61  5:45  Siege Tank  
  65  5:51  Orbital Command  
  65  5:53  SCV x2  
  66  6:00  Supply Depot  
  66  6:02  Armory  
  66  6:03  Marine x5  
  71  6:08  Barracks  
  71  6:09  Barracks  
  71  6:13  Medivac x2  
  71  6:15  SCV x2  
  71  6:17  SCV  
  78  6:22  Marine  
  78  6:23  Marine x4  
  83  6:29  SCV x3  
  86  6:34  Combat Shield  
  86  6:35  Siege Tank, Supply Depot  
  89  6:40  Marine x3  
  89  6:41  SCV x3, Marine x2  
  89  6:43  Supply Depot  
  97  6:57  SCV  
  100  7:03  Barracks  
  100  7:05  Barracks, Marine x3  
  100  7:06  Barracks Reactor x2, Marine  
  100  7:07  Marine  
  100  7:08  Barracks  
  103  7:09  Siege Tank  
  103  7:13  Supply Depot  
  103  7:14  Supply Depot  
  106  7:18  Supply Depot  
  106  7:23  Terran Infantry Armor Level 2, Terran Infantry Weapons Level 2  
  106  7:28  Marine x2  
  106  7:29  Marine x3  
  111  7:35  Supply Depot x2  
  111  7:43  Marine x4  
  112  7:46  Siege Tank, Marine x3  
  112  7:47  Marine x2  
  120  7:52  Marine x2  
  120  7:53  Supply Depot, Medivac x2  
  120  7:55  Marine  
  127  8:00  Marine x2  
  127  8:01  Marine x2  
  127  8:04  Marine x4  
  127  8:05  Marine  
  136  8:10  Marine x2  
  138  8:16  Marine  
  138  8:18  Siege Tank, Marine x3  
  138  8:19  Marine  
  145  8:21  Supply Depot  
  145  8:22  Supply Depot, Marine x3  
  145  8:26  Marine x2  
  150  8:28  Marine x2  
  150  8:34  Marine  
  152  8:36  Marine x2  
  152  8:42  Marine x5  
  152  8:43  Medivac  
  152  8:44  Marine x2  
  152  8:45  Medivac  
  152  8:46  Marine x2  
  165  8:49  Supply Depot  
  165  8:50  Siege Tank  
  165  8:51  Supply Depot  
  165  8:52  Marine  
  165  8:54  Marine x2  
  171  8:59  Marine  
  171  9:00  Marine x3  
  162  9:11  Marine  
  162  9:12  Marine x7  
  162  9:13  Medivac  
  162  9:15  Medivac  
  173  9:17  Marine x2  
  173  9:18  Supply Depot, Marine x2  
  173  9:22  Siege Tank  
  180  9:29  Marine  
  180  9:30  Marine x7  
  188  9:35  Marine x4  
  192  9:43  Medivac  
  192  9:45  Medivac  
  196  9:47  Marine x4  
  188  10:02  Marine x4  
  188  10:05  Barracks Tech Lab x3  
  188  10:06  Command Center, Refinery  
  192  10:07  Refinery  
  192  10:11  Marine x5  
  197  10:20  Marine  
  198  10:23  SCV x2  
  198  10:25  SCV  
Show
View Real Time Build Order
Export as new Build Order

Schmeet Zerg 

Build Orders: Hatch First 

Get SALT Encoding   

  12  0:01  Drone  
  13  0:13  Overlord  
  13  0:16  Drone  
  14  0:33  Drone x2  
  16  0:36  Drone  
  17  0:53  Hatchery  
  17  0:56  Drone  
  17  0:59  Drone  
  18  1:13  Spawning Pool  
  18  1:15  Drone  
  18  1:18  Drone  
  19  1:41  Hatchery  
  19  1:42  Drone  
  19  1:45  Overlord  
  19  1:52  Drone  
  20  2:07  Queen x2  
  24  2:12  Zergling x2  
  24  2:13  Zergling x2  
  26  2:18  Drone  
  26  2:21  Drone  
  26  2:40  Drone x2  
  26  2:41  Drone x2  
  30  2:49  Queen  
  30  2:51  Queen  
  34  2:54  Drone  
  34  2:56  Drone  
  36  3:02  Drone x2  
  36  3:04  Drone  
  39  3:13  Drone x3  
  42  3:21  Roach Warren, Extractor  
  42  3:22  Extractor  
  42  3:26  Drone x3  
  41  3:51  Overlord x3  
  41  3:58  Overlord  
  41  4:07  Overlord  
  41  4:09  Queen x2  
  45  4:14  Spore Crawler  
  44  4:20  Roach x2  
  44  4:21  Roach x4  
  57  4:28  Drone x4  
  57  4:29  Drone  
  62  4:37  Queen  
  64  4:39  Drone x3  
  64  4:45  Lair  
  67  4:50  Drone x3  
  70  4:53  Extractor  
  70  4:55  Extractor  
  59  5:24  Drone x7  
  59  5:25  Roach x2  
  59  5:26  Roach x2  
  74  5:47  Drone  
  74  5:48  Baneling Nest, Evolution Chamber  
  74  5:49  Drone x3  
  77  5:50  Drone x4  
  77  5:51  Evolution Chamber  
  77  5:55  Drone x2  
  81  6:09  Overlord x4  
  81  6:17  Zerg Melee Weapons Level 1, Zerg Ground Armor Level 1  
  81  6:23  Hydralisk Den  
  80  6:31  Drone x2  
  82  6:33  Drone x3  
  82  6:34  Drone  
  82  6:35  Drone  
  82  6:36  Drone x5  
  82  6:38  Zergling x2  
  82  6:39  Zergling x2  
  94  6:41  Metabolic Boost  
  94  6:45  Centrifical Hooks  
  94  6:59  Hydralisk x3  
  94  7:00  Zergling x4, Hydralisk  
  94  7:01  Zergling x2  
  105  7:09  Drone, Extractor  
  105  7:10  Drone x2, Extractor  
  105  7:11  Overlord x2  
  106  7:17  Grooved Spines  
  106  7:22  Baneling  
  106  7:23  Baneling x2  
  104  7:36  Zergling x8  
  104  7:37  Zergling x14  
  112  7:44  Hydralisk  
  112  7:45  Zergling x4, Hydralisk  
  118  7:51  Drone x2  
  120  8:00  Hydralisk  
  120  8:03  Overlord x4  
  122  8:08  Baneling  
  122  8:09  Baneling x12  
  122  8:14  Hatchery  
  122  8:18  Zerg Melee Weapons Level 2  
  121  8:25  Zerg Ground Armor Level 2  
  121  8:28  Muscular Augments  
  121  8:29  Drone x3  
  124  8:40  Hydralisk  
  124  8:41  Zergling x6, Hydralisk x4  
  123  8:42  Zergling x4  
  123  8:43  Overlord  
  123  8:46  Overlord  
  136  8:53  Baneling x5  
  136  8:54  Zergling x4  
  136  8:55  Zergling x2  
  119  9:10  Extractor  
  119  9:13  Extractor, Hydralisk x4  
  119  9:14  Zergling x10, Hydralisk  
  132  9:26  Drone x4  
  132  9:28  Drone x2  
  119  10:01  Zergling x2, Hydralisk x5  
  119  10:02  Zergling x6, Hydralisk x2  
  126  10:09  Baneling x6  
  126  10:12  Zergling x14  
  133  10:15  Baneling x5  
  133  10:16  Baneling  
Tags
 
Add a new tag
Caveats
  • Supply blocks, unpowered buildings, or Contaminate may cause inaccurate times.
  • Supply counts are checked every 10 seconds.